 Dungeon Crawl Stone Soup version 0.24-a0-693-g39a19ac0f1 (webtiles) character file.

Game seed: 921996648923285023, levelgen mode: deterministic

84142 Erlindor the Warrior (level 15, -1/198 HPs)
             Began as a Demonspawn Abyssal Knight on Sept 28, 2019.
             Was a Priest of Lugonu.
             Killed from afar by a naga ritualist (19 damage)
             ... with a lance of force
             ... on level 3 of the Snake Pit.
             The game lasted 01:50:44 (37527 turns).

Erlindor the Warrior (Demonspawn Abyssal Knight)   Turns: 37527, Time: 01:50:45

Health: -1/198     AC: 27    Str: 21    XL:     15   Next: 34%
Magic:  0/22       EV:  2    Int: 15    God:    Lugonu [***...]
Gold:   2027       SH:  0    Dex: 12    Spells: 16/20 levels left

rFire    . . .     SeeInvis .   W - +0 glaive
rCold    . . .     Gourm    .   (shield currently unavailable)
rNeg     + + +     Faith    .   (armour currently unavailable)
rPois    +         Spirit   +   (helmet currently unavailable)
rElec    .         Reflect  .   (cloak currently unavailable)
rCorr    .         Harm     .   (gloves currently unavailable)
MR       ++...     NoTele   +   (boots currently unavailable)
Stlth    +.........             (no amulet)
HPRegen  0.43/turn              J - ring of protection from magic
MPRegen  0.36/turn              T - +3 ring of strength

@: lethally poisoned (-1 -> -12), tree-form
A: demonic guardian 2, magic shield, magic regeneration, magic link
a: Depart the Abyss, Bend Space, Banish, Renounce Religion


You were on level 3 of the Snake Pit.
You worshipped Lugonu.
Lugonu was most pleased with you.
You were hungry.
You were a tree.
You visited 4 branches of the dungeon, and saw 24 of its levels.
You visited the Abyss 1 time.
You also visited: Sewer.

You collected 2285 gold pieces.
You spent 258 gold pieces at shops.

Inventory:

Hand Weapons
 W - a +0 glaive (weapon)
 X - the cursed +3 halberd of Crawling {speed, *Drain rPois rC+++ rN+}
   (You took it off a yaktaur on level 13 of the Dungeon)

   Attacks with this weapon are significantly faster.
   It renders you almost immune to cold.
   It protects you from poison.
   It protects you from negative energy.
   It causes draining when unequipped.
   It has a curse placed upon it.
Missiles
 r - 124 poisoned darts (quivered)
 S - a throwing net
Armour
 e - a +2 pair of boots (melded)
 s - a +2 pair of gloves of strength (melded)
 t - a +1 cloak (melded)
 y - the +1 ring mail of Unambiguity (melded) {rElec rPois Int+4 Slay+2}
   (You found it on level 6 of the Dungeon)

   It affects your intelligence (+4).
   It affects your accuracy and damage with ranged weapons and melee attacks
   (+2).
   It insulates you from electricity.
   It protects you from poison.
 R - a +0 helmet (melded)
 V - a +0 shield
Jewellery
 z - an uncursed ring of magical power
 H - an uncursed ring of wizardry
 J - a ring of protection from magic (left branch)
 T - a +3 ring of strength (right branch)
 Y - an uncursed ring of protection from cold
Wands
 A - a wand of scattershot (7)
 C - a wand of clouds (4)
 D - a wand of disintegration (7)
 I - a wand of iceblast (11)
 K - a wand of random effects (25)
 L - a wand of flame (14)
 O - a wand of enslavement (21)
Scrolls
 a - a scroll of torment {unknown}
 d - 2 scrolls of fear
 f - 5 scrolls of remove curse
 g - 3 scrolls of enchant armour
 h - 7 scrolls of teleportation
 i - 2 scrolls of amnesia {unknown}
 n - 7 scrolls of identify
 F - 2 scrolls of immolation {unknown}
 M - 3 scrolls of magic mapping {unknown}
 P - 3 scrolls of enchant weapon
 Q - a scroll of blinking {unknown}
Potions
 b - 4 potions of invisibility
 j - 3 potions of lignification
 m - 6 potions of ambrosia
 o - 6 potions of haste
 p - 3 potions of resistance
 q - 3 potions of agility
 u - 3 potions of brilliance
 v - 2 potions of curing
 w - 3 potions of flight
 B - 5 potions of mutation
 G - a potion of cancellation
 N - 4 potions of might
Miscellaneous
 E - a phantom mirror
 U - a lightning rod (4/4)
Comestibles
 c - 34 rations


   Skills:
 * Level 16.7 Fighting
 + Level 14.5 Polearms
 - Level 8.3 Armour
 - Level 0.8 Dodging
 - Level 6.6 Shields
 + Level 3.0 Spellcasting
 + Level 3.3 Summonings
 - Level 2.0 Ice Magic
 - Level 10.0 Invocations


You had 16 spell levels left.
You knew the following spells:

 Your Spells              Type           Power        Failure   Level  Hunger
a - Summon Ice Beast      Ice/Summ       ##......     54%         4    #####..

Your spell library contained the following spells:

 Spells                   Type           Power        Failure   Level  Hunger
 Summon Small Mammal      Summ           ##..         5%          1    #......
 Call Imp                 Summ           ##......     8%          2    ##.....
 Call Canine Familiar     Summ           ##......     16%         3    ###....
 Animate Skeleton         Necr           N/A          21%         1    #......
 Infusion                 Chrm           #...         21%         1    #......
 Pain                     Necr           #...         21%         1    #......
 Sandblast                Erth           #.....       21%         1    #......
 Shock                    Conj/Air       #...         21%         1    #......
 Passwall                 Tmut/Erth      #.......     30%         2    ##.....
 Poisonous Vapours        Pois/Air       #.....       30%         2    ##.....
 Shroud of Golubria       Chrm/Tloc      #.....       30%         2    ##.....
 Song of Slaying          Chrm           #.......     30%         2    ##.....
 Summon Guardian Golem    Hex/Summ       #.......     30%         3    ###....
 Conjure Flame            Conj/Fire      #.......     52%         3    ###....
 Dazzling Spray           Conj/Hex       #.....       52%         3    ###....
 Mephitic Cloud           Conj/Pois/Air  #.......     52%         3    ###....
 Regeneration             Chrm/Necr      #.........   52%         3    ###....
 Stone Arrow              Conj/Erth      #.....       52%         3    ###....
 Vampiric Draining        Necr           #.........   52%         3    ###....
 Summon Lightning Spire   Summ/Air       #.......     71%         4    #####..
 Throw Icicle             Conj/Ice       #.......     78%         4    #####..
 Animate Dead             Necr           N/A          89%         4    #####..
 Petrify                  Tmut/Erth      #.......     89%         4    #####..
 Sticky Flame             Conj/Fire      #.......     89%         4    #####..
 Bolt of Magma            Conj/Fire/Erth #.........   99%         5    ######.
 Iskenderun's Battlesphe  Conj/Chrm      #.......     99%         5    ######.
 Lee's Rapid Deconstruct  Erth           #.........   99%         5    ######.
 Venom Bolt               Conj/Pois      #.........   99%         5    ######.
 Bolt of Fire             Conj/Fire      #.........   100%        6    #######
 Deflect Missiles         Chrm/Air       #.........   100%        6    #######
 Freezing Cloud           Conj/Ice/Air   #.........   100%        6    #######
 Iron Shot                Conj/Erth      #.........   100%        6    #######
 Orb of Destruction       Conj           #.........   100%        7    #######
 Ring of Flames           Chrm/Fire      #.........   100%        7    #######
 Spellforged Servitor     Conj/Summ      #.........   100%        7    #######


Dungeon Overview and Level Annotations

Branches:
Dungeon (13/15)            Temple (0/1) D:5            Lair (6/6) D:11
  Swamp (0/4) Lair:3        Snake (3/4) Lair:4        Slime (0/5) Lair:5
    Orc (2/2) D:9             Elf (0/3) Orc:2         Sewer (visited)
 Vaults: D:13-14

Altars:
Dithmenos
Makhleb
Xom
Jiyva

Shops:
D:9 =   Orc:1 [   Orc:2 %}!*

Annotations:
D:8 3 runed translucent doors, releu's ghost, amateur MiFi
D:13 3 runed translucent doors, Teagy's ghost, journeyman VSFi
Lair:5 1 runed translucent door
Abyss:1 Harold; Joseph; Sonja


Innate Abilities, Weirdness & Mutations

((You have very sharp fingernails.))
((You are partially covered in thin metallic scales. (AC +2)))
A demonic guardian rushes to your aid.
When hurt, damage is shared between your health and your magic reserves.
You regenerate magic rapidly.
When low on magic, you restore magic in place of health.


Message History

You slice the black mamba!!
You kill the black mamba!
Lugonu accepts your kill.
Your Spellcasting skill increases to level 3!
You feel sick.
You slice the salamander!!
The salamander is severely wounded.
You feel sick.
You hear a shout!
The salamander unwields a +3 shortbow of flaming.
It stops flaming.
The salamander hits you but does no damage.
Press: ? - help, Shift-Dir - straight line, f - salamander
Aim: a salamander (grey smoke, severely wounded, chance to defeat MR: 74%)
The salamander is devoured by a tear in reality.
Lugonu claims a new guest.
You feel somewhat more hungry.
You feel sick.
The naga ritualist gestures at you while chanting.
The lance of force hits you!!
You die...

...... #####......
......###.))(....##
........(..##(..## ###
###......####### ...######
##.....# ........# ##....#
........# #...N.#
........# ####.....##
.........###♣3§......##
........N§N§######....#
.........#### #....#
........§.# #...##
......§§§§### ####...##
.....§N§§§§§####.......#
.....§..§§§§........#4N##
....N...§########..###N(##
.........## #.. ###(##


You could see a naga ritualist and a friendly smoke demon.

Vanquished Creatures
  Jorgrun (Snake:1)
  A tengu reaver (D:13)
  A nagaraja (Snake:2)
  A stone giant (Orc:1)
  A vampire knight (D:13)
  2 naga warriors (Snake:1)
  3 centaur warriors (D:13)
  2 hydras
  A two-headed ogre (D:10)
  A death yak (Lair:6)
  4 naga sharpshooters
  2 orc high priests (Orc:2)
  Nergalle (Lair:1)
  3 unseen horrors (D:13)
  Pikel (D:5)
  A naga ritualist (Snake:1)
  5 mana vipers
  4 orc knights
  A wolf spider (D:13)
  A deep elf mage (D:13)
  2 orc sorcerers (Orc:2)
  2 ugly things (D:13)
  2 elephants (Lair:5)
  4 salamanders
  15 black mambas
  A molten gargoyle (Lair:6)
  6 spiny frogs
  2 gargoyles
  A centaur skeleton (D:13)
  4 naga magi
  4 rime drakes
  6 komodo dragons
  A yaktaur (D:13)
  2 polar bears
  2 hornets
  3 slime creatures (D:12)
  5 blink frogs
  8 hippogriffs
  A shadow (D:13)
  4 wyverns
  A wraith (D:12)
  A vampire (D:12)
  20 yaks
  7 basilisks
  2 steam dragons
  A hungry ghost (D:13)
  6 wargs
  A swamp worm (Lair:3)
  An acid dragon (D:13)
  15 nagas
  10 water moccasins
  A hell hound (Lair:6)
  25 orc warriors
  8 porcupines
  Purgy (Sewer)
  3 ice beasts
  A black bear (D:7)
  A phantom (D:11)
  8 wolves
  4 ogres
  5 centaurs
  8 crocodiles
  3 big kobolds
  18 bullfrogs
  8 killer bees
  5 scorpions
  3 wights (D:9)
  4 electric eels
  A howler monkey (D:6)
  A vampire bat (D:4)
  2 crimson imps (D:13)
  5 lava snakes (Lair:6)
  2 bullfrog zombies
  2 quasits
  A bullfrog skeleton (D:7)
  2 centaur zombies (D:6)
  4 hounds
  2 jellies (D:10)
  27 orc priests
  A gnoll shaman (Orc:1)
  2 iguanas (D:4)
  8 worker ants
  Natasha (D:2)
  19 orc wizards
  18 adders
  A gnoll (Orc:1)
  3 shadow imps
  2 oozes (D:6)
  7 worms
  2 dart slugs
  3 fire bats (D:4)
  3 leopard geckos
  68 orcs
  2 spectral bats (D:4)
  3 bat skeletons (D:4)
  A bat zombie (D:4)
  8 giant cockroaches
  11 goblins
  6 hobgoblins
  3 jackals
  4 quokkas
  A ball python (Lair:4)
  A ball python zombie (D:5)
  9 bats
  A bat simulacrum (D:4)
  6 frilled lizards
  A jackal skeleton (D:6)
  24 kobolds
  2 leopard gecko skeletons
  5 rats
  A fungus (Lair:2)
559 creatures vanquished.

Vanquished Creatures (collateral kills)
  A fire dragon (Lair:6)
  8 hydras
  2 centaur warriors (D:13)
  An anaconda (Snake:1)
  2 two-headed ogres
  2 death yaks (Lair:6)
  2 orc high priests (Orc:2)
  A salamander mystic (Snake:3)
  2 naga ritualists
  An orc knight (Orc:2)
  A lindwurm (Lair:6)
  A deep elf mage (D:12)
  An orc sorcerer (Orc:2)
  2 mana vipers
  An ugly thing (D:13)
  A cyclops (D:11)
  A salamander (Snake:3)
  An elephant (Lair:5)
  4 black mambas
  A gargoyle (D:10)
  A molten gargoyle (Lair:6)
  A guardian serpent (Snake:3)
  2 naga magi
  7 spiny frogs
  A rime drake (Lair:1)
  A komodo dragon (Lair:5)
  A troll (D:11)
  Prince Ribbit (Lair:1)
  A tyrant leech (Lair:3)
  4 hippogriffs
  7 blink frogs
  A slime creature (D:12)
  A wyvern (Lair:6)
  18 yaks
  A steam dragon (D:11)
  A basilisk (Lair:1)
  2 swamp worms (Lair:3)
  A naga (Snake:3)
  A soldier ant (D:9)
  A porcupine (Lair:1)
  6 water moccasins
  A swamp drake (D:9)
  A slave (D:5)
  4 orc warriors
  An ogre (D:5)
  8 wolves
  A centaur (D:13)
  A crocodile (Lair:4)
  A big kobold (D:11)
  9 killer bees
  An electric eel (D:10)
  A quasit (D:11)
  A bullfrog skeleton (D:10)
  2 hounds (D:4)
  A jelly (D:13)
  An orc priest (Orc:2)
  3 orc wizards (Orc:1)
  2 gnolls (Orc:1)
  A howler monkey zombie (D:10)
  5 bats (D:4)
  A leopard gecko (D:5)
  9 orcs
  A frilled lizard (D:5)
  A butterfly (Lair:2)
153 creatures vanquished.

Vanquished Creatures (others)
  A naga warrior (Snake:2)
  A hydra (Lair:3)
  An anaconda (Snake:1)
  A two-headed ogre (D:10)
  An orc high priest (Orc:2)
  A shock serpent (Snake:1)
  A fire crab (Lair:6)
  4 orc knights (Orc:1)
  An ugly thing (D:11)
  An orc sorcerer (Orc:1)
  2 salamanders (Snake:3)
  3 black mambas
  A komodo dragon (Lair:1)
  A hornet (D:9)
  A wyvern (Lair:6)
  4 basilisks
  2 vampire mosquitoes (D:12)
  A soldier ant (D:9)
  2 nagas
  3 hell hounds (Lair:6)
  An orc warrior (Orc:1)
  An ogre (D:5)
  2 crocodiles
  3 orc wizards
  2 adders
  A worm (D:5)
  2 orcs (D:10)
  3 jackals (D:10)
  23 fungi
  14 plants
85 creatures vanquished.

Grand Total: 797 creatures vanquished

Notes
Turn   | Place    | Note
-------+----------+-------------------------------------------
     0 | Abyss:1  | Erlindor the Demonspawn Abyssal Knight began the quest for
                  | the Orb.
     0 | Abyss:1  | Reached XP level 1. HP: 18/18 MP: 2/2
    89 | Abyss:2  | Noticed a worldbinder
    95 | Abyss:2  | Noticed a vampire mosquito
    96 | Abyss:2  | Noticed a wretched star
    98 | D:1      | Escaped the Abyss
   398 | D:1      | Gained mutation: A weak demonic guardian rushes to your
                  | aid. [demonic ancestry]
   398 | D:1      | Reached XP level 2. HP: 24/24 MP: 4/4
   530 | D:1      | Reached * piety under Lugonu
  1075 | D:2      | Reached XP level 3. HP: 30/30 MP: 5/5
  1498 | D:2      | Reached skill level 4 in Fighting
  1612 | D:2      | Noticed Natasha
  1621 | D:2      | Killed Natasha
  1621 | D:2      | Gained mutation: You have sharp fingernails. [demonic
                  | ancestry]
  1621 | D:2      | Reached XP level 4. HP: 37/37 MP: 6/6
  2152 | D:3      | Found a shimmering altar of Xom.
  2185 | D:3      | Reached ** piety under Lugonu
  2515 | D:3      | Gained mutation: When hurt, damage is shared between your
                  | health and your magic reserves. [demonic ancestry]
  2515 | D:3      | Reached XP level 5. HP: 31/43 MP: 6/8
  3250 | D:4      | Reached skill level 5 in Fighting
  3350 | D:4      | Reached XP level 6. HP: 51/51 MP: 9/9
  3410 | D:4      | Reached *** piety under Lugonu
  3538 | D:4      | Reached skill level 5 in Invocations
  4404 | D:5      | Entered Level 5 of the Dungeon
  4437 | D:5      | Reached skill level 6 in Fighting
  4555 | D:5      | Reached XP level 7. HP: 58/58 MP: 10/10
  4657 | D:5      | Noticed Pikel
  4742 | D:5      | Killed Pikel
  4742 | D:5      | Reached skill level 7 in Fighting
  4827 | D:5      | Gained mutation: A demonic guardian rushes to your aid.
                  | [demonic ancestry]
  4827 | D:5      | Reached XP level 8. HP: 67/67 MP: 12/12
  4904 | D:5      | Found a glowing drain.
  4918 | Sewer    | Entered a sewer
  4923 | Sewer    | Noticed Purgy
  4950 | Sewer    | Killed Purgy
  5402 | D:5      | Found a staircase to the Ecumenical Temple.
  5906 | D:6      | Found a shadowy altar of Dithmenos.
  6040 | D:6      | Reached skill level 8 in Fighting
  6040 | D:6      | Reached skill level 5 in Polearms
  6045 | D:6      | Got an encrusted ring mail
  6058 | D:6      | Identified the +1 ring mail of Unambiguity {rElec rPois
                  | Int+4 Slay+2} (You found it on level 6 of the Dungeon)
  6484 | D:7      | Reached **** piety under Lugonu
  6610 | D:7      | Reached skill level 9 in Fighting
  6963 | D:7      | Gained mutation: You are partially covered in thin metallic
                  | scales. (AC +2) [demonic ancestry]
  6963 | D:7      | Reached XP level 9. HP: 51/76 MP: 10/14
  7582 | D:8      | Noticed releu's ghost (amateur MiFi)
  7876 | D:8      | Found a runed translucent gate.
  7876 | D:8      | Found a runed translucent gate.
  7876 | D:8      | Found a runed translucent gate.
  7973 | D:8      | Reached skill level 10 in Fighting
  9067 | D:9      | Found Nueleum's Jewellery Boutique.
  9230 | D:9      | Found a staircase to the Orcish Mines.
  9252 | D:9      | Reached skill level 11 in Fighting
  9602 | D:9      | Reached ***** piety under Lugonu
  9800 | D:10     | Entered Level 10 of the Dungeon
  9800 | D:10     | Noticed a gargoyle
  9824 | D:9      | Gained mutation: You regenerate magic rapidly. [demonic
                  | ancestry]
  9824 | D:9      | Reached XP level 10. HP: 82/88 MP: 15/15
 10050 | D:10     | Killed a gargoyle
 10163 | D:10     | Noticed a two-headed ogre
 10175 | D:10     | Killed a two-headed ogre
 10306 | D:10     | Reached skill level 12 in Fighting
 10433 | D:10     | Noticed a two-headed ogre
 10434 | D:10     | Banished a two-headed ogre
 10462 | D:10     | Identified the Catalogue of Flight and Conjuration
 10813 | D:10     | Noticed Joseph
 10814 | D:10     | Banished Joseph
 10873 | D:10     | Noticed a two-headed ogre
 10874 | D:10     | Banished a two-headed ogre
 11175 | D:11     | Noticed Harold
 11176 | D:11     | Banished Harold
 11319 | D:11     | Noticed a gargoyle
 11341 | D:11     | Killed a gargoyle
 11567 | D:11     | Reached XP level 11. HP: 95/95 MP: 18/18
 11615 | D:11     | Noticed a white ugly thing
 11616 | D:11     | Banished a white ugly thing
 12147 | D:11     | Reached skill level 10 in Invocations
 12161 | D:11     | Found a staircase to the Lair.
 12684 | Lair:1   | Entered Level 1 of the Lair of Beasts
 12812 | Lair:1   | Reached skill level 10 in Polearms
 13408 | Lair:1   | Noticed Prince Ribbit
 13412 | Lair:1   | Killed Prince Ribbit
 14279 | Lair:1   | Noticed Nergalle
 14290 | Lair:1   | Killed Nergalle
 14854 | Lair:2   | Identified the Grimoire of Boosts
 14876 | Lair:2   | Gained mutation: When low on magic, you restore magic in
                  | place of health. [demonic ancestry]
 14876 | Lair:2   | Reached XP level 12. HP: 66/102 MP: 18/19
 15082 | Lair:2   | Noticed a five-headed hydra
 15096 | Lair:2   | Killed a five-headed hydra
 15708 | Lair:2   | Noticed a seven-headed hydra
 15718 | Lair:2   | Killed a seven-headed hydra
 15996 | Lair:3   | Noticed an eight-headed hydra
 16017 | Lair:3   | Killed an eight-headed hydra
 16572 | Lair:3   | Noticed a seven-headed hydra
 16576 | Lair:3   | Killed a seven-headed hydra
 16581 | Lair:3   | Found a staircase to the Swamp.
 16590 | Lair:3   | Noticed a six-headed hydra
 16596 | Lair:3   | Banished a six-headed hydra
 18042 | Lair:4   | Noticed a seven-headed hydra
 18051 | Lair:4   | Killed a seven-headed hydra
 18223 | Lair:4   | Found a staircase to the Snake Pit.
 18575 | Lair:4   | Noticed a five-headed hydra
 18585 | Lair:4   | Killed a five-headed hydra
 19057 | Lair:5   | Reached skill level 13 in Fighting
 19068 | Lair:5   | Noticed an eight-headed hydra
 19075 | Lair:5   | Killed an eight-headed hydra
 19254 | Lair:5   | Gained mutation: You have very sharp fingernails. [demonic
                  | ancestry]
 19254 | Lair:5   | Reached XP level 13. HP: 96/111 MP: 20/20
 19363 | Lair:5   | Reached skill level 5 in Armour
 20121 | Lair:5   | Found a runed translucent door.
 20121 | Lair:5   | Found a viscous altar of Jiyva.
 20134 | Lair:5   | Noticed an azure jelly
 20135 | Lair:5   | Found a staircase to the Slime Pits.
 20135 | Lair:5   | Noticed an azure jelly
 20136 | Lair:5   | Noticed an azure jelly
 20440 | Lair:6   | Entered Level 6 of the Lair of Beasts
 22993 | Lair:6   | Reached skill level 14 in Fighting
 23171 | Lair:6   | Found a large runed translucent door.
 23172 | Lair:6   | Found a large runed translucent door.
 23188 | Lair:6   | Noticed a fire dragon
 23312 | Lair:6   | Killed a fire dragon
 24782 | D:12     | Identified the +3 rapier "Efaoxao" {pierce, rN+}
 25174 | Orc:1    | Entered Level 1 of the Orcish Mines
 25174 | Orc:1    | Noticed Sonja
 25194 | Orc:1    | Noticed a stone giant
 25362 | Orc:1    | Banished Sonja
 25367 | Orc:1    | Found Atiblid's Antique Armour Shoppe.
 25390 | Orc:1    | Killed a stone giant
 25743 | Orc:1    | Bought a shield for 130 gold pieces
 26104 | Orc:2    | Entered Level 2 of the Orcish Mines
 26295 | Orc:2    | Reached skill level 1 in Shields
 26569 | Orc:2    | Found a staircase to the Elven Halls.
 26762 | Orc:2    | Found Tinoh's Food Shoppe.
 26762 | Orc:2    | Found Yxkuma's General Store.
 26762 | Orc:2    | Found Tovet's Gadget Emporium.
 26762 | Orc:2    | Found Harchutue's Distillery.
 27109 | Orc:2    | Reached XP level 14. HP: 61/121 MP: 11/21
 28791 | Orc:1    | Reached skill level 15 in Fighting
 29646 | Orc:2    | Found a burning altar of Makhleb.
 29842 | Orc:2    | Bought a scroll of identify for 24 gold pieces
 29843 | Orc:2    | Bought a potion of might for 52 gold pieces
 29843 | Orc:2    | Bought a potion of might for 52 gold pieces
 30284 | D:13     | Found a runed translucent gate.
 30284 | D:13     | Noticed Teagy's ghost (journeyman VSFi)
 30287 | D:13     | Found a runed translucent gate.
 30424 | D:13     | Found a runed translucent gate.
 30510 | D:13     | Reached skill level 5 in Shields
 30803 | D:13     | Identified the cursed +3 halberd of Crawling {speed, *Drain
                  | rPois rC+++ rN+}
 30846 | D:13     | Noticed a tengu reaver
 30857 | D:13     | Killed a tengu reaver
 30861 | D:13     | Noticed a vampire knight
 30861 | D:13     | Identified the +1 scale mail of Free Will {rPois rC+++
                  | Str-3 SInv}
 31182 | D:13     | Killed a vampire knight
 31786 | Snake:1  | Entered Level 1 of the Snake Pit
 31970 | Snake:1  | Reached skill level 16 in Fighting
 32841 | Lair:4   | Learned a level 4 spell: Summon Ice Beast
 33073 | Snake:1  | Noticed Jorgrun
 33093 | Snake:1  | Killed Jorgrun
 33094 | Snake:1  | Reached skill level 1 in Spellcasting
 33492 | Snake:1  | Reached skill level 1 in Summonings
 33723 | Snake:1  | Reached skill level 1 in Ice Magic
 34313 | Snake:1  | Reached XP level 15. HP: 95/131 MP: 16/22
 34945 | Snake:2  | Noticed a nagaraja
 34958 | Snake:2  | Killed a nagaraja
 37527 | Snake:3  | Killed from afar by a naga ritualist

Levels and vault maps discovered:
D:1:      dpeg_arrival_central, layout_loops_corners, minmay_cut_off
D:2:      layout_loops_ring, skrybe_limestone_x, uniq_natasha
D:3:      layout_basic, overflow_temple_1_default
D:4:      layout_rooms, first_ration, goddamned_bats
D:5:      layout_loops_corners, minmay_temple_entry_poolview,
          cheibrodos_sewer_entry_bend, serial_glass, glass_columns_a,
          glass_columns_a, minmay_circle_x, uniq_pikel
D:6:      layout_rooms, nicolae_dithmenos_the_darkroom
D:7:      minmay_flawed_box, layout_loops_ring
D:8:      layout_loops_ring, gammafunk_ghost_split
D:9:      layout_roguey, erik_orc_1, serial_shops, nicolae_shop_trees,
          hangedman_pestilent_swarm
D:10:     layout_basic, uniq_joseph
D:11:     layout_gridville, erik_lair_dragon, chequers_serial_rivers_small_3,
          kennysheep_generic_room_7, uniq_harold
D:12:     layout_roguey, minmay_misc_feat_four_crosses
D:13:     minmay_expanding_squares, layout_gridville, gammafunk_ghost_split
Lair:1:   layout_roguey, beast_lair_carwin_2, grunt_megastairs_3, uniq_nergalle,
          uniq_prince_ribbit2
Lair:2:   layout_long_grid, lemuel_fruit_fields
Lair:3:   layout_concentric_octagons, palyth_hydra_swamp_entry
Lair:4:   layout_cave_pods, minmay_snake_entry_six_corridors, lemuel_fruit_tree,
          serial_bayou_shore_a, infiniplex_staircase_pool_2
Lair:5:   layout_long_grid, slime_altar_2
Lair:6:   cheibrodos_lair_end_hotspot, layout_loops_ring, ebering_ghost_xom
Snake:1:  layout_rooms, uniq_jorgrun
Snake:2:  layout_cave_pods
Snake:3:  layout_layer_cave, serial_bayou_pond_e, statue_in_the_mist_lemuel,
          fake_guardian_serpent_vault
Orc:1:    layout_caves, serial_shops, shop_coins, uniq_sonja
Orc:2:    st_orc_pillars, layout_diamond_mine, basic_altar

Skill      XL: |  1  2  3  4  5  6  7  8  9 10 11 12 13 14 15 |
---------------+----------------------------------------------+-----
Polearms       | 2 3 4 5 7 9 12 14 | 14.5
Invocations    | 3 4 5 7 9 10 | 10.0
Fighting       | 4 5 6 7 9 11 12 13 14 16 | 16.7
Armour         | 4 8 |  8.3
Shields        | 2 6 |  6.6
Spellcasting   | 1 3 |  3.0
Summonings     | 1 3 |  3.3
Ice Magic      | 1 2 |  2.0
Dodging        | |  0.8

Action                   |  1- 3 |  4- 6 |  7- 9 | 10-12 | 13-15 || total
-------------------------+-------+-------+-------+-------+-------++-------
Melee: Spear             |   134 |   356 |   547 |       |       ||  1037
       Trident           |       |       |    62 |   912 |   844 ||  1818
       Glaive            |       |       |       |       |   619 ||   619
Throw: Stone             |     6 |       |       |       |       ||     6
       Dart              |       |    11 |    14 |    25 |    34 ||    84
Invok: Depart the Abyss  |     1 |       |       |       |       ||     1
       Banish            |       |       |     2 |    11 |    38 ||    51
Evoke: Wand              |       |       |       |       |    12 ||    12
       Lightning rod     |       |       |       |       |     4 ||     4
  Use: Scroll            |       |     7 |     7 |     9 |    15 ||    38
       Potion            |       |       |       |       |    13 ||    13
 Stab: Distracted        |       |       |     2 |     1 |     4 ||     7
  Eat: Chunk             |     2 |     9 |    15 |    27 |    35 ||    88
       Ration            |       |       |     1 |     2 |    11 ||    14
Armor: Leather armour    |    15 |       |       |       |       ||    15
       Ring mail         |    34 |   193 |   278 |   367 |   537 ||  1409
       Chain mail        |       |       |    10 |       |       ||    10
       Skin              |       |       |       |       |    12 ||    12
Dodge: Dodged            |    66 |   167 |   241 |   354 |   486 ||  1314
Block: Shield            |       |       |       |       |    74 ||    74

Table legend:
 A = Non-vault XP
 B = Vault XP
 C = Vault XP percentage of total XP
 D = Non-vault monster count
 E = Vault monster count
 F = Vault count percentage of total count
                 A         B        C        D         E       F
            +---------+---------+-------+---------+---------+-------
      Total |   85785 |   34419 |  28.6 |     546 |     205 |  27.3
            +---------+---------+-------+---------+---------+-------
        D:1 |      29 |       2 |   6.5 |      17 |       1 |   5.6
        D:2 |      51 |      35 |  40.7 |      17 |       1 |   5.6
        D:3 |     116 |       0 |   0.0 |      23 |       0 |   0.0
        D:4 |     267 |     137 |  33.9 |      21 |      20 |  48.8
        D:5 |     288 |     658 |  69.6 |      18 |       6 |  25.0
        D:6 |     244 |       0 |   0.0 |       7 |       0 |   0.0
        D:7 |     833 |     305 |  26.8 |      14 |       8 |  36.4
        D:8 |     536 |       0 |   0.0 |      10 |       0 |   0.0
        D:9 |    1402 |     809 |  36.6 |      31 |      21 |  40.4
       D:10 |    3243 |     215 |   6.2 |      30 |       1 |   3.2
       D:11 |    2886 |    1578 |  35.3 |      31 |       9 |  22.5
       D:12 |    3543 |       0 |   0.0 |      36 |       0 |   0.0
       D:13 |    6354 |    9367 |  59.6 |      20 |      19 |  48.7
     Lair:1 |    4327 |    1891 |  30.4 |      25 |      11 |  30.6
     Lair:2 |    6407 |       0 |   0.0 |      28 |       0 |   0.0
     Lair:3 |    1943 |    1584 |  44.9 |      14 |       7 |  33.3
     Lair:4 |    5469 |    2076 |  27.5 |      24 |      15 |  38.5
     Lair:5 |    5652 |       0 |   0.0 |      18 |       0 |   0.0
     Lair:6 |    7142 |    4996 |  41.2 |      27 |      25 |  48.1
    Snake:1 |   10705 |    2000 |  15.7 |      25 |       1 |   3.8
    Snake:2 |    7932 |       0 |   0.0 |      18 |       0 |   0.0
    Snake:3 |    9403 |       0 |   0.0 |      26 |       0 |   0.0
      Orc:1 |    2754 |    2154 |  43.9 |      35 |       9 |  20.5
      Orc:2 |    4259 |    6461 |  60.3 |      31 |      45 |  59.2
      Sewer |       0 |     151 | 100.0 |       0 |       6 | 100.0
            +---------+---------+-------+---------+---------+-------
